 Dungeon Crawl Stone Soup version 0.25-a0-35-g747a2b3c0c (webtiles) character file.

Game seed: 6134252193387206371, levelgen mode: deterministic

8598 Kohma the Covert (level 11, -1/56 HPs)
             Began as a Spriggan Enchanter on Oct 18, 2019.
             Was an Elder of Kikubaaqudgha.
             Shot with an arrow by a centaur (9 damage)
             ... on level 10 of the Dungeon.
             The game lasted 00:42:55 (14253 turns).

Kohma the Covert (Spriggan Enchanter)              Turns: 14253, Time: 00:42:55

Health: -1/56      AC:  5    Str:  4    XL:     11   Next: 12%
Magic:  18/21      EV: 26    Int: 19    God:    Kikubaaqudgha [****..]
Gold:   766        SH:  0    Dex: 24    Spells: 14/22 levels left

rFire    . . .     SeeInvis +   a - +2 dagger (vamp)
rCold    . . .     Gourm    .   (shield restricted)
rNeg     . . .     Faith    .   q - +2 robe {Archmagi}
rPois    +         Spirit   .   (helmet restricted)
rElec    .         Reflect  .   o - +0 cloak
rCorr    .         Harm     .   (gloves unavailable)
MR       +....                  (boots unavailable)
Stlth    ++++++....             (no amulet)
HPRegen  0.18/turn              n - ring of poison resistance
MPRegen  0.17/turn              C - +6 ring of dexterity

@: very quick
A: very small, unfitting armour, see invisible, herbivore, speed 3, slow
metabolism 2
a: Receive Corpses, Renounce Religion


You were on level 10 of the Dungeon.
You worshipped Kikubaaqudgha.
Kikubaaqudgha was greatly pleased with you.
You were very hungry.

You visited 2 branches of the dungeon, and saw 11 of its levels.

You collected 792 gold pieces.
You spent 26 gold pieces at shops.

Inventory:

Hand Weapons
 a - a +2 vampiric dagger (weapon)
 b - a +2 short sword of electrocution
Missiles
 c - 337 stones
 s - 44 poisoned darts (quivered)
 t - 3 throwing nets
Armour
 o - a +0 cloak (worn)
 q - a +2 robe of the Archmagi (worn)
 F - a +0 buckler
Magical Staves
 G - an uncursed staff of death
Jewellery
 n - a ring of poison resistance (left hand)
 y - an uncursed ring of protection from cold
 C - a +6 ring of dexterity (right hand)
Wands
 p - a wand of polymorph (5)
 A - a wand of paralysis (14)
 D - a wand of digging (5)
 N - a wand of flame (22)
Scrolls
 h - 6 scrolls of teleportation
 i - a scroll of enchant armour
 k - 11 scrolls of remove curse
 m - 2 scrolls of magic mapping
 z - a scroll of brand weapon
 H - a scroll of holy word
 I - a scroll of summoning
 J - a scroll of blinking
 K - a scroll of enchant weapon
 M - a scroll of identify
Potions
 e - a potion of haste
 f - 3 potions of curing
 g - 7 potions of flight
 j - 2 potions of lignification
 l - 2 potions of might
 r - a potion of invisibility
 u - a potion of resistance
 v - a potion of brilliance
 w - 2 potions of berserk rage
 x - a potion of ambrosia
 L - 2 potions of heal wounds
Miscellaneous
 B - a box of beasts
 E - a lightning rod (4/4)
Comestibles
 d - 21 rations


   Skills:
 - Level 6.1 Fighting
 + Level 8.5 Short Blades
 - Level 8.1 Dodging
 - Level 12.1 Stealth
 + Level 1.1 Shields
 - Level 6.2 Spellcasting
 + Level 8.7 Hexes
 - Level 5.0 Necromancy


You had 14 spell levels left.
You knew the following spells:

 Your Spells              Type           Power        Failure   Level  Hunger
a - Corona                Hex            ######.      1%          1    None
b - Ensorcelled Hibernat  Hex/Ice        ####..       2%          2    None
c - Confuse               Hex            ######..     1%          3    ##.....
d - Corpse Rot            Necr           N/A          1%          2    None

Your spell library contained the following spells:

 Spells                   Type           Power        Failure   Level  Hunger
 Pain                     Necr           ####         1%          1    None
 Sublimation of Blood     Necr           #####.....   1%          2    None
 Tukima's Dance           Hex            ######..     1%          3    ##.....
 Vampiric Draining        Necr           #####.....   4%          3    ##.....
 Dazzling Spray           Conj/Hex       ####..       5%          3    ##.....
 Beastly Appendage        Tmut           #.....       11%         1    None
 Summon Butterflies       Summ           #.......     11%         1    None
 Sticks to Snakes         Tmut           #.......     17%         2    None
 Call Canine Familiar     Summ           #.......     32%         3    ##.....
 Spider Form              Tmut/Pois      #.........   32%         3    ##.....
 Agony                    Necr           #####...     36%         5    #####..
 Dispel Undead            Necr           #####...     36%         5    #####..
 Summon Mana Viper        Hex/Summ       ####....     45%         5    #####..
 Excruciating Wounds      Chrm/Necr      ###.......   71%         5    #####..
 Ice Form                 Ice/Tmut       #.......     73%         4    ####...
 Summon Ice Beast         Ice/Summ       #.......     73%         4    ####...
 Death Channel            Necr           #####.....   91%         6    #######
 Blade Hands              Tmut           #.........   97%         5    #####..
 Simulacrum               Ice/Necr       ###.......   99%         6    #######
 Summon Hydra             Summ           #.........   100%        7    #######


Dungeon Overview and Level Annotations

Branches:
Dungeon (10/15)            Temple (1/1) D:4            Lair (0/6) D:10
    Orc: D:9-12

Altars:
Ashenzari
Cheibriados
Dithmenos
Elyvilon
Fedhas
Gozag
Hepliaklqana
Kikubaaqudgha
Makhleb
Nemelex Xobeh
Okawaru
Qazlal
Ru
Sif Muna
Trog
Uskayaw
Vehumet
Wu Jian
Xom
Yredelemnul
Zin
The Shining One

Shops:
D:7 *

Annotations:
D:10 exclusion: ice statue


Innate Abilities, Weirdness & Mutations

You are very small and have problems with some larger weapons.
You are too small for most types of armour.
You have supernaturally acute eyesight. (SInv)
You are a herbivore.
You cover ground extremely quickly.
You need to consume almost no food.


Message History

The centaur wields a +0 shortbow.
The centaur shoots an arrow.
The arrow misses you.
The killer bee zombie completely misses you.
The centaur shoots an arrow.
The arrow hits you.
You see here an arrow.
The centaur shoots an arrow.
The arrow closely misses you.
The killer bee zombie hits you but does no damage.
You see here a wand of paralysis (6).
A - a wand of paralysis (14) (gained 6 charges)
The killer bee zombie hits you.
The centaur shoots an arrow.
The arrow misses you. The killer bee zombie misses you.
The centaur shoots an arrow.
The arrow closely misses you. The hungry ghost hits you.
You are feeling very hungry.
The centaur shoots an arrow.
The arrow hits you!
* * * LOW HITPOINT WARNING * * *
You see here an arrow.
The centaur shoots an arrow.
The arrow hits you!
You die...
Kikubaaqudgha rasps: "You have failed me!
Welcome... death!"

.....####...# .. #..... ....##
#...# .. #....# ...# ##..#####
.#####...# ...#
#......#######...##...# ...##
##....#...≈...#..##...# ....#
#......#...#....##...## ....#
#.....##...##...#.....# #...#
#...#...PPP...#........ ##..##
#...#≈@PP>PP.≈#........ #...#
##...#(Z.PPP...#........ ##..##
##......##PPP##..........
#...###........#...#...........
#...##.(.....#...≈...#.........
####.........W..#######..........
.........(....c.## #..........
.........(.......#####. .......
....................... ......


You could see a hungry ghost, a centaur and a killer bee zombie.

Vanquished Creatures
  A hydra (D:8)
  The ghost of Nr616 the Magician, a novice GnSk of Ashenzari (D:7)
  Pikel (D:8)
  Joseph (D:8)
  Psyche (D:8)
  A kobold demonologist (D:8)
  A polar bear (shapeshifter) (D:8)
  2 dream sheep (D:8)
  2 yaks (D:8)
  A vampire (D:10)
  A steam dragon (D:6)
  3 water moccasins
  2 ice beasts
  An orc warrior (D:7)
  2 sky beasts
  A black bear (D:10)
  A phantom (D:5)
  3 ogres
  6 centaurs
  3 big kobolds (D:8)
  Blork the orc (D:5)
  3 bullfrogs (D:8)
  5 scorpions
  A water moccasin skeleton (D:4)
  7 killer bees
  4 howler monkeys
  2 crimson imps
  2 bullfrog skeletons
  3 centaur skeletons
  5 hounds
  6 orc priests
  Crazy Yiuf (D:2)
  5 jellies
  A gnoll shaman (D:8)
  Terence (D:2)
  6 iguanas
  13 orc wizards
  7 worker ants
  A killer bee zombie (D:6)
  5 hound zombies
  2 hound skeletons
  Robin (D:3)
  9 gnolls
  A howler monkey skeleton (D:8)
  12 adders
  A shadow imp (D:8)
  An adder zombie (D:3)
  6 adder skeletons
  4 worms
  3 dart slugs
  4 leopard geckos
  40 orcs
  2 ball pythons
  5 giant cockroaches
  17 goblins
  10 hobgoblins
  8 jackals
  10 kobolds
  5 quokkas
  5 bats
  4 frilled lizards
  2 leopard gecko skeletons
  8 rats
  A bush (D:2)
275 creatures vanquished.

Vanquished Creatures (others)
  A wyvern skeleton (D:8)
  An orc wizard (D:6)
  2 orcs (D:6)
4 creatures vanquished.

Grand Total: 279 creatures vanquished

Notes
Turn   | Place    | Note
-------+----------+-------------------------------------------
     0 | D:1      | Kohma the Spriggan Enchanter began the quest for the Orb.
     0 | D:1      | Reached XP level 1. HP: 9/9 MP: 5/5
   350 | D:1      | Reached XP level 2. HP: 13/13 MP: 6/6
   354 | D:1      | Learned a level 2 spell: Ensorcelled Hibernation
   424 | D:1      | Reached skill level 5 in Stealth
  1279 | D:2      | Reached XP level 3. HP: 16/16 MP: 2/8
  1694 | D:2      | Noticed Terence
  1724 | D:2      | Killed Terence
  1724 | D:2      | Reached skill level 6 in Stealth
  1724 | D:2      | Reached XP level 4. HP: 21/21 MP: 4/9
  2686 | D:2      | Found a runed translucent door.
  2687 | D:2      | Noticed Crazy Yiuf
  2694 | D:2      | Killed Crazy Yiuf
  2819 | D:3      | Reached skill level 7 in Stealth
  2819 | D:3      | Reached XP level 5. HP: 24/24 MP: 7/10
  3122 | D:3      | Found a sparkling altar of Nemelex Xobeh.
  3709 | D:3      | Learned a level 3 spell: Confuse
  4100 | D:4      | Noticed Robin
  4101 | D:4      | Found a staircase to the Ecumenical Temple.
  4310 | D:3      | Killed Robin
  4310 | D:3      | Reached skill level 8 in Stealth
  4480 | D:3      | Reached XP level 6. HP: 23/28 MP: 6/11
  4595 | D:4      | Reached skill level 5 in Short Blades
  4643 | Temple   | Entered the Ecumenical Temple
  4662 | Temple   | Became a worshipper of Kikubaaqudgha
  5036 | D:4      | Reached skill level 1 in Necromancy
  5064 | D:4      | Found an iron altar of Okawaru.
  5526 | D:4      | Reached XP level 7. HP: 32/32 MP: 13/13
  6028 | D:5      | Entered Level 5 of the Dungeon
  6096 | D:5      | Reached skill level 5 in Hexes
  6892 | D:5      | Reached * piety under Kikubaaqudgha
  6892 | D:5      | Identified Kikubaaqudgha's Incunabulum of Sinister Rites
                  | (Kikubaaqudgha gifted it to you on level 5 of the Dungeon)
  6892 | D:5      | Received a gift from Kikubaaqudgha
  6897 | D:5      | Learned a level 2 spell: Corpse Rot
  6925 | D:5      | Reached XP level 8. HP: 36/36 MP: 15/15
  7391 | D:6      | Noticed Blork the orc
  7541 | D:5      | Killed Blork the orc
  7803 | D:5      | Reached skill level 5 in Necromancy
  8078 | D:6      | Reached skill level 1 in Fighting
  8179 | D:6      | Reached skill level 5 in Dodging
  8454 | D:6      | Reached XP level 9. HP: 38/43 MP: 16/16
  8592 | D:6      | Reached ** piety under Kikubaaqudgha
  8834 | D:6      | Found a shimmering altar of Xom.
  9001 | D:6      | Found a basalt altar of Yredelemnul.
  9327 | D:7      | Found Doeh's General Store.
  9394 | D:7      | Bought a scroll of identify for 26 gold pieces
  9443 | D:7      | Found a runed translucent door.
  9444 | D:7      | Noticed Nr616's ghost (novice GnSk)
  9990 | D:7      | Killed Nr616's ghost
  9990 | D:7      | Reached skill level 9 in Stealth
 10539 | D:8      | Reached skill level 10 in Stealth
 10655 | D:8      | Found a burning altar of Makhleb.
 10887 | D:8      | Found a hazy altar of Hepliaklqana.
 10889 | D:8      | Found a shimmering altar of Xom.
 10890 | D:8      | Found an opulent altar of Gozag.
 10890 | D:8      | Found a sacrificial altar of Ru.
 10902 | D:8      | Reached *** piety under Kikubaaqudgha
 10902 | D:8      | Identified Kikubaaqudgha's Reference Book on Necromancy
                  | (Kikubaaqudgha gifted it to you on level 8 of the Dungeon)
 10902 | D:8      | Received a gift from Kikubaaqudgha
 10940 | D:8      | Noticed Joseph
 10954 | D:8      | Killed Joseph
 11095 | D:8      | Reached skill level 11 in Stealth
 11101 | D:8      | Reached XP level 10. HP: 43/49 MP: 7/17
 11761 | D:8      | Noticed Psyche
 11832 | D:8      | Killed Psyche
 11832 | D:8      | Reached skill level 12 in Stealth
 12123 | D:8      | Noticed Pikel
 12143 | D:8      | Killed Pikel
 12239 | D:8      | Reached skill level 5 in Spellcasting
 12383 | D:8      | Found a shimmering altar of Xom.
 12843 | D:8      | Reached skill level 5 in Fighting
 12923 | D:8      | Noticed a three-headed hydra
 12940 | D:8      | Killed a three-headed hydra
 13108 | D:8      | Reached **** piety under Kikubaaqudgha
 13302 | D:9      | Reached XP level 11. HP: 56/56 MP: 21/21
 13365 | D:9      | Got an ichor-stained shortbow
 13366 | D:9      | Identified the +2 shortbow "Besupt" {freeze, rN++ Int-3}
                  | (You found it on level 9 of the Dungeon)
 13829 | D:10     | Entered Level 10 of the Dungeon
 13919 | D:10     | Found a staircase to the Lair.
 14069 | D:10     | Reached skill level 1 in Shields
 14253 | D:10     | Shot with an arrow by a centaur

Levels and vault maps discovered:
D:1:      tarquinn_simple_flora_water_f, layout_basic
D:2:      layout_rooms, uniq_terence, uniq_crazy_yiuf_cottage
D:3:      layout_basic, serial_undead, serial_undead_b, serial_undead_a,
          serial_undead_e, serial_undead_b, nemelex_diamond_rough_becter
D:4:      layout_rooms, minmay_temple_entry_waves, first_ration,
          okawaru_ov_weapons_minmay, uniq_robin
D:5:      layout_gridville
D:6:      layout_loops_ring, marbit_many_paths, basic_altar,
          minmay_misc_feat_pillars, supply_closet_lemuel, uniq_blork_the_orc
D:7:      layout_basic, serial_shops, shop, hellmonk_ghost_happy_afterlife
D:8:      minmay_the_grid_octo_2x2 [minmay_the_grid_octo_vomiting_pacman,
          minmay_the_grid_octo_concentric, minmay_the_grid_octo_clover,
          minmay_the_grid_octo_prize_single_spiral], layout_loops_ring,
          grunt_temple_overflow_open, hangedman_ranch [blue_anna_fruit_fields],
          uniq_joseph, uniq_psyche, uniq_pikel
D:9:      layout_big_octagon
D:10:     layout_layer_cave, dpeg_oklobed_lair, minivault_16
Temple:   eino_temple_scatter_basement

Skill      XL: |  1  2  3  4  5  6  7  8  9 10 11 |
---------------+----------------------------------+-----
Stealth        | 5 6 7 8 11 12 | 12.1
Short Blades   | 2 3 4 5 7 8 |  8.5
Spellcasting   | 3 4 6 |  6.2
Hexes          | 4 6 8 |  8.7
Necromancy     | 1 4 5 |  5.0
Fighting       | 2 3 6 |  6.1
Dodging        | 5 8 |  8.1
Shields        | 1 |  1.1

Action                   |  1- 3 |  4- 6 |  7- 9 | 10-12 || total
-------------------------+-------+-------+-------+-------++-------
Melee: Dagger            |    81 |   647 |   316 |   190 ||  1234
       Short sword       |       |       |       |     2 ||     2
Throw: Stone             |     1 |     4 |       |       ||     5
       Dart              |       |       |    14 |     5 ||    19
 Cast: Corona            |     2 |       |       |       ||     2
       Ensorcelled Hiber |    15 |    74 |   107 |    68 ||   264
       Confuse           |       |     3 |    11 |     9 ||    23
       Corpse Rot        |       |       |     7 |     3 ||    10
  Use: Scroll            |       |       |    16 |    10 ||    26
       Potion            |       |       |       |     2 ||     2
 Stab: Sleeping          |    18 |    47 |    73 |    57 ||   195
       Distracted        |       |     1 |       |     1 ||     2
       Confused          |       |     2 |     9 |     4 ||    15
  Eat: Ration            |       |     4 |     5 |     3 ||    12
Armor: Robe              |     7 |    28 |    46 |    19 ||   100
Dodge: Dodged            |    49 |   191 |   297 |   181 ||   718

Table legend:
 A = Non-vault XP
 B = Vault XP
 C = Vault XP percentage of total XP
 D = Non-vault monster count
 E = Vault monster count
 F = Vault count percentage of total count
                 A         B        C        D         E       F
            +---------+---------+-------+---------+---------+-------
      Total |    6221 |    6063 |  49.4 |     228 |      47 |  17.1
            +---------+---------+-------+---------+---------+-------
        D:1 |      39 |       0 |   0.0 |      17 |       0 |   0.0
        D:2 |      88 |      78 |  47.0 |      24 |       2 |   7.7
        D:3 |     117 |      56 |  32.4 |      22 |       9 |  29.0
        D:4 |     514 |      14 |   2.7 |      33 |       8 |  19.5
        D:5 |     943 |      96 |   9.2 |      23 |       1 |   4.2
        D:6 |    1125 |       3 |   0.3 |      29 |       1 |   3.3
        D:7 |     625 |     766 |  55.1 |      19 |       1 |   5.0
        D:8 |    1205 |    5050 |  80.7 |      36 |      25 |  41.0
        D:9 |     593 |       0 |   0.0 |      12 |       0 |   0.0
       D:10 |     972 |       0 |   0.0 |      13 |       0 |   0.0
            +---------+---------+-------+---------+---------+-------
